 Dungeon Crawl Stone Soup version 0.16-a0-4038-ge07a62f (webtiles) character file.

578 Chiseanne the Grave Robber (level 7, -18/49 (50) HPs)
             Began as a Ghoul Necromancer on Feb 19, 2015.
             Was an Initiate of Ashenzari.
             Demolished by a mummy (20 damage)
             ... in an ossuary.
             The game lasted 00:20:53 (5602 turns).

Chiseanne the Grave Robber (Ghoul Necromancer)      Turns: 5602, Time: 00:20:53

HP:   -18/49 (50)   AC:  3    Str: 12    XL:     7   Next: 35%
MP:   25/25         EV: 12    Int: 12    God:    Ashenzari [......]
Gold: 184           SH:  0    Dex:  9    Spells: 5 memorised, 3 levels left

rFire  . . .     SeeInvis .     w - +9 spear of Trog's Scorn {flame, rPois}
rCold  + . .     Clarity  .     a - +0 robe
rNeg   + + +     SustAb   .     (no shield)
rPois  ∞         Gourm    .     (no helmet)
rElec  .         Spirit   .     p - +0 cloak
rCorr  .         Warding  .     (no gloves)
rMut   .         Stasis   .     (no boots)
MR     .....                    y - amulet of faith
Stlth  ++........               (no ring)
                                A - ring of magical power

@: rotting, not resistant to hostile enchantments, unstealthy
A: rotting body, claws 1, carnivore 3, cold resistance 1, negative energy
resistance 3, poison resistance, slow healing 1, torment resistance, unbreathing
a: Renounce Religion


You were in an ossuary.
You worshipped Ashenzari.
Ashenzari was noncommittal.
You were not hungry.

You visited 1 branch of the dungeon, and saw 5 of its levels.
You also visited: Ossuary.

You collected 352 gold pieces.
You spent 168 gold pieces at shops.

Inventory:

Hand weapons
 u - a +1 blowgun
 w - the +9 spear of Trog's Scorn (weapon) {flame, rPois}
   (You bought it in a shop on level 4 of the Dungeon)

   It has been specially enchanted to burn those struck by it, causing extra
   injury to most foes and up to half again as much damage against particularly
   susceptible opponents.
   It protects you from poison.
Missiles
 g - 8 tomahawks (quivered)
 i - 26 poisoned needles
Armour
 a - a +0 robe (worn)
 c - a +2 leather armour of cold resistance
 k - a +0 shield
 p - a +0 cloak (worn)
Jewellery
 y - an amulet of faith (around neck)
 A - a ring of magical power (left claw)
Magical devices
 l - a wand of confusion (33)
 x - a wand of polymorph (0)
 B - a wand of cold (9)
Scrolls
 v - a scroll of teleportation
Potions
 d - a potion of brilliance
 e - a potion of restore abilities
 f - 3 potions of curing
 h - 2 potions of haste
 m - a potion of resistance {unknown}
 n - a potion of might {unknown}
 q - 2 potions of heal wounds {unknown}
 s - a potion of invisibility {unknown}
 t - 2 potions of cancellation {unknown}
Books
 b - a book of Necromancy

   Spells                             Type                      Level
   a - Pain                           Necromancy                   1
   b - Animate Skeleton               Necromancy                   1
   c - Vampiric Draining              Necromancy                   3
   d - Regeneration                   Charms/Necromancy            3
   e - Animate Dead                   Necromancy                   4
   f - Control Undead                 Necromancy                   4
Comestibles
 j - 4 beef jerkies
 o - a meat ration
 r - 3 slices of pizza


   Skills:
 - Level 1.7 Dodging
 - Level 2.1 Stealth
 * Level 4.7 Spellcasting
 * Level 6.8 Necromancy


You had 3 spell levels left.
You knew the following spells:

 Your Spells              Type           Power        Failure   Level  Hunger
a - Pain                  Necr           ###.         1%          1    None
b - Animate Skeleton      Necr           N/A          1%          1    None
c - Vampiric Draining     Necr           ###.......   4%          3    ###....
d - Regeneration          Chrm/Necr      ##........   17%         3    ###....
e - Animate Dead          Necr           N/A          17%         4    ####...


Dungeon Overview and Level Annotations

Branches:
Dungeon (5/15)
 Temple: D:4-7

Altars:
Ashenzari
Gozag
Nemelex Xobeh
Qazlal
Xom
Yredelemnul

Shops:
D:4 (


Innate Abilities, Weirdness & Mutations

Your body is rotting away.
You thrive on raw meat.
You have sharp fingernails.
You are carnivorous and can eat meat at any time.
Your flesh is cold resistant.
You are immune to negative energy.
Your system is resistant to poisons.
You heal slowly when monsters are visible.
You are immune to unholy pain and torment.
You can survive without breathing.


Message History

You hit the mummy. You burn the mummy.
You destroy the mummy!
You feel nervous for a moment...
The curse is absorbed by Ashenzari.
The mummy hits you.
Found four items.
You hit the mummy. You burn the mummy.
The mummy is lightly damaged.
The mummy hits you!
* * * LOW HITPOINT WARNING * * *
You hit the mummy. You burn the mummy.
The mummy is heavily damaged.
You barely miss the mummy.
The mummy is heavily damaged.
The mummy hits you!
* * * LOW HITPOINT WARNING * * *
You hit the mummy but do no damage.
The mummy is heavily damaged.
The mummy hits you!!
You die...

### ###.###
##.?..!##
#??.M!!!#
#@# #.#
###'###
##.....##
##.......##
#.........#
+....⌠....+
#.........#
##.......##


You could see a mummy.

Vanquished Creatures
  Edmund (D:4)
  A centaur zombie (D:5)
  An iron imp (D:5)
  An orc wizard (D:3)
  A giant frog skeleton (D:5)
  Jessica (D:2)
  2 mummies (Ossuary)
  7 adders
  A giant mite (D:4)
  2 worms
  An ufetubus (D:5)
  2 adder skeletons (D:5)
  5 giant geckos
  An ooze (D:4)
  4 orcs (D:3)
  2 ball pythons
  8 bats
  8 giant cockroaches
  3 goblins
  4 hobgoblins
  4 jackals (D:1)
  6 kobolds
  A quokka (D:4)
  2 giant gecko skeletons
  8 giant newts
  2 rats
79 creatures vanquished.

Vanquished Creatures (collateral kills)
  Eustachio (D:4)
  A crimson imp (D:4)
  A hound skeleton (D:4)
  2 adders
  3 worms (D:2)
  An orc (D:3)
  A goblin (D:2)
  3 kobolds
  A bat (D:3)
14 creatures vanquished.

Vanquished Creatures (others)
  2 adder skeletons
  A bat skeleton (D:3)
  2 ball python skeletons
  3 giant gecko skeletons
  2 giant newt skeletons
  3 goblin skeletons
  3 kobold skeletons
  A quokka skeleton (D:4)
  A rat skeleton (D:2)
18 creatures vanquished.

Grand Total: 111 creatures vanquished

Notes
Turn   | Place    | Note
--------------------------------------------------------------
     0 | D:1      | Chiseanne, the Ghoul Necromancer, began the quest for the Orb.
     0 | D:1      | Reached XP level 1. HP: 14/14 MP: 2/2
    21 | D:1      | Learned a level 1 spell: Animate Skeleton
   388 | D:1      | Reached XP level 2. HP: 20/20 MP: 0/3
  1208 | D:1      | Reached XP level 3. HP: 9/25 MP: 1/6
  1909 | D:2      | Reached skill level 5 in Necromancy
  1909 | D:2      | Reached XP level 4. HP: 33/33 MP: 0/7
  1914 | D:2      | Learned a level 3 spell: Vampiric Draining
  1978 | D:2      | Learned a level 3 spell: Regeneration
  2173 | D:2      | Noticed Jessica
  2184 | D:2      | Killed Jessica
  2971 | D:3      | Reached XP level 5. HP: 37/37 MP: 1/10
  3398 | D:3      | Found a shattered altar of Ashenzari.
  3633 | D:3      | Became a worshipper of Ashenzari the Shackled
  4172 | D:4      | Found Tryib's Antique Weapon Emporium.
  4175 | D:4      | Bought a crude spear for 168 gold pieces
  4177 | D:4      | Identified the +9 spear of Trog's Scorn {flame, rPois} (You bought it in a shop on level 4 of the Dungeon)
  4433 | D:4      | Noticed Edmund
  4452 | D:4      | Killed Edmund
  4452 | D:4      | Reached skill level 6 in Necromancy
  4452 | D:4      | Reached XP level 6. HP: 8/42 MP: 4/14
  4702 | D:4      | Learned a level 4 spell: Animate Dead
  4828 | D:4      | Found a shimmering altar of Xom.
  4926 | D:4      | Found a stormy altar of Qazlal.
  5033 | D:5      | Entered Level 5 of the Dungeon
  5057 | D:5      | Noticed Eustachio
  5154 | D:4      | Killed Eustachio
  5154 | D:4      | Reached XP level 7. HP: 41/50 MP: 8/15
  5344 | D:5      | Found a basalt altar of Yredelemnul.
  5449 | D:5      | Found an opulent altar of Gozag.
  5450 | D:5      | Found a sparkling altar of Nemelex Xobeh.
  5562 | D:5      | Found a sand-covered staircase.
  5572 | Ossuary  | Entered an ossuary
  5601 | Ossuary  | HP: 2/49 [mummy (10)]
  5602 | Ossuary  | Demolished by a mummy

Action                   |  1- 3 |  4- 6 |  7- 9 || total
-------------------------+-------+-------+-------++-------
Melee: Unarmed           |    13 |       |       ||    13
       Hand axe          |    12 |    26 |       ||    38
       Spear             |       |    18 |    30 ||    48
 Cast: Pain              |    51 |   113 |    11 ||   175
       Animate Skeleton  |    14 |    22 |     3 ||    39
  Use: Scroll            |     4 |     9 |     1 ||    14
       Potion            |       |     1 |       ||     1
 Stab: Sleeping          |       |     1 |       ||     1
  Eat: Chunk             |     5 |    16 |     1 ||    22
